 Dungeon Crawl Stone Soup version 0.23-a0-136-g722f094350 (webtiles) character file.

228 Napalmbreeze the Magician (level 5, -2/28 HPs)
             Began as a Deep Elf Fire Elementalist on Aug 28, 2018.
             Killed by divine providence
             ... invoked by an orc priest
              (10 damage)
             ... on level 3 of the Dungeon.
             The game lasted 00:10:36 (3599 turns).

Napalmbreeze the Magician (DEFE)                    Turns: 3599, Time: 00:10:38

Health: -2/28      AC:  2    Str:  5    XL:     5   Next: 71%
Magic:  14/14      EV: 13    Int: 26    God:
Gold:   140        SH:  0    Dex: 15    Spells: 3/13 levels left

rFire    . . .     SeeInvis .   (no weapon)
rCold    . . .     Gourm    .   (no shield)
rNeg     . . .     Faith    .   a - +0 robe
rPois    .         Spirit   .   (no helmet)
rElec    .         Reflect  .   (no cloak)
rCorr    .         Harm     .   (no gloves)
MR       .....                  (no boots)
Stlth    ++........             (no amulet)
HPRegen  0.09/turn              (no ring)
MPRegen  0.14/turn              (no ring)

@: brilliant, flying, slowed, very slow
A: no striking features
a: no special abilities


You were on level 3 of the Dungeon.
You were not hungry.

You visited 1 branch of the dungeon, and saw 3 of its levels.

You collected 140 gold pieces.

Inventory:

Armour
 a - a +0 robe (worn)
Jewellery
 f - a cursed ring of fire {unknown}
Wands
 l - a wand of random effects (28)
 n - a wand of polymorph (13)
Scrolls
 b - 2 scrolls of remove curse {unknown}
 d - 2 scrolls of identify {unknown}
 e - 2 scrolls of teleportation {unknown}
 i - a scroll of magic mapping {unknown}
Potions
 m - a potion of lignification {unknown}
 o - a potion of mutation {unknown}
Comestibles
 c - 5 rations
 k - 3 chunks of flesh


   Skills:
 - Level 2.4 Dodging
 - Level 2.4 Stealth
 + Level 4.8 Spellcasting
 * Level 4.4 Conjurations
 + Level 4.5 Fire Magic


You had 3 spell levels left.
You knew the following spells:

 Your Spells              Type           Power        Failure   Level  Hunger
a - Flame Tongue          Conj/Fire      #####        1%          1    None
d - Conjure Flame         Conj/Fire      #####...     1%          3    ##.....
f - Sticky Flame          Conj/Fire      #####...     1%          4    ####...
s - Throw Flame           Conj/Fire      #####.       1%          2    None

Your spell library contained the following spells:

 Spells                   Type           Power        Failure   Level  Hunger
 Inner Flame              Hex/Fire       ####....     1%          3    ##.....
 Fireball                 Conj/Fire      #####.....   4%          5    #####..


Dungeon Overview and Level Annotations

Branches:
Dungeon (3/15)

Altars:
Gozag
Nemelex Xobeh
Trog
Xom
The Shining One

Annotations:
D:3 Grinder


Message History

The orc priest mumbles some strange prayers to Beogh against you.
Beogh smites you!
* * * LOW HITPOINT WARNING * * *
The orc wizard gestures at you while chanting.
You feel yourself slow down.
It was a potion of flight.
You feel very buoyant.
You fly up into the air.
The orc wizard mumbles some strange words.
The orc wizard blinks!
It was a potion of brilliance.
You feel clever all of a sudden. The orc barely misses you.
It was a potion of curing.
You feel better.
The centaur skeleton completely misses you.
The orc hits you. The centaur skeleton hits you.
* * * LOW HITPOINT WARNING * * *
The orc priest calls down the wrath of Beogh upon you.
Beogh smites you!
You die...

#####
#################...#
#...oo@........>....#
#..##Z###.####.##...#
#..##o# #.# #.##..##
#Zo.#o# #.####.##..#
>...... ...........#
.#...g.. #.#######..#
#g#.......#(#........#
# #.##....#.#.#####..#
..#.# #..####


You could see an orc priest, an orc wizard, 2 orcs, a goblin and a centaur
skeleton.

Vanquished Creatures
  A howler monkey (D:2)
  Jessica (D:2)
  5 gnolls (D:2)
  3 adders (D:2)
  An ooze (D:1)
  3 worms
  2 dart slugs
  A leopard gecko (D:2)
  2 orcs (D:2)
  4 giant cockroaches
  9 goblins
  9 hobgoblins
  4 jackals (D:1)
  11 kobolds
  2 quokkas
  8 bats
  4 frilled lizards
  6 rats
76 creatures vanquished.

Notes
Turn   | Place    | Note
-------+----------+-------------------------------------------
     0 | D:1      | Napalmbreeze the Deep Elf Fire Elementalist began the quest
                  | for the Orb.
     0 | D:1      | Reached XP level 1. HP: 10/10 MP: 6/6
   138 | D:1      | Reached XP level 2. HP: 13/15 MP: 5/8
   846 | D:1      | Learned a level 2 spell: Throw Flame
  1050 | D:1      | Reached XP level 3. HP: 19/19 MP: 7/10
  1403 | D:2      | Found a sparkling altar of Nemelex Xobeh.
  1930 | D:2      | Found an opulent altar of Gozag.
  1979 | D:2      | Found a bloodstained altar of Trog.
  2027 | D:2      | Reached XP level 4. HP: 24/24 MP: 4/11
  2086 | D:2      | Learned a level 3 spell: Conjure Flame
  2573 | D:2      | Noticed Jessica
  2575 | D:2      | Killed Jessica
  2575 | D:2      | Reached XP level 5. HP: 28/28 MP: 9/13
  2821 | D:2      | Found a shimmering altar of Xom.
  2931 | D:2      | Learned a level 4 spell: Sticky Flame
  3400 | D:3      | Noticed Grinder
  3490 | D:3      | Found a glowing golden altar of the Shining One.
  3599 | D:3      | Killed from afar by an orc priest

Vault maps used:
D:1:      dpeg_arrival_simpleton_a
D:2:      lemuel_coloured_pillars_altar, nemelex_xobeh_ov_fountains_minmay,
          lemuel_doored_altar, first_ration, st_stairs_9, tgw_xom, uniq_jessica
D:3:      lemuel_round_altar, tso_metal_star, uniq_grinder

Skill      XL: |  1  2  3  4  5 |
---------------+----------------+-----
Conjurations   | 2 3 4 |  4.4
Spellcasting   | 4 |  4.8
Fire Magic     | 4 |  4.5
Dodging        | |  2.4
Stealth        | |  2.4

Action                   |  1- 3 |  4- 6 || total
-------------------------+-------+-------++-------
Melee: Unarmed           |     2 |     2 ||     4
 Cast: Flame Tongue      |    68 |    47 ||   115
       Throw Flame       |     4 |    24 ||    28
       Conjure Flame     |       |     3 ||     3
  Use: Potion            |       |     3 ||     3
  Eat: Chunk             |     3 |     5 ||     8
Armor: Robe              |     3 |     1 ||     4
Dodge: Dodged            |    21 |     8 ||    29

Table legend:
 A = Non-vault XP
 B = Vault XP
 C = Vault XP percentage of total XP
 D = Non-vault monster count
 E = Vault monster count
 F = Vault count percentage of total count
                 A         B        C        D         E       F
            +---------+---------+-------+---------+---------+-------
      Total |     259 |      68 |  20.8 |      67 |       9 |  11.8
            +---------+---------+-------+---------+---------+-------
        D:1 |      47 |       0 |   0.0 |      25 |       0 |   0.0
        D:2 |     194 |      68 |  26.0 |      33 |       9 |  21.4
        D:3 |      18 |       0 |   0.0 |       9 |       0 |   0.0
            +---------+---------+-------+---------+---------+-------
